 Dungeon Crawl Stone Soup version 0.29.1 (webtiles) character file.

Game seed: 3139737065568655791

1297 Icepheonix32 the Slasher (level 8, -5/71 HPs)
             Began as a Minotaur Fighter on Sept 13, 2022.
             Was a Believer of Okawaru.
             Slain by a bullfrog (6 damage)
             ... on level 7 of the Dungeon.
             The game lasted 00:06:25 (6140 turns).

Icepheonix32 the Slasher (Minotaur Fighter)         Turns: 6140, Time: 00:06:26

Health: -5/71      AC: 10    Str: 27    XL:     8   Next: 31%
Magic:  9/9        EV:  8    Int:  4    God:    Okawaru [**....]
Gold:   398        SH:  4    Dex:  9    Spells: 6/9 levels left

rFire   + . .      SeeInvis .   a - +0 long sword
rCold   + . .      Faith    .   c - +0 buckler
rNeg    . . .      Spirit   .   x - +0 chain mail
rPois   .          Reflect  .   (helmet restricted)
rElec   .          Harm     .   y - scarf {rC+ rF+}
rCorr   .          Rampage  .   (no gloves)
Will    +....                   (no boots)
Stlth   ..........              (no amulet)
HPRegen 0.21/turn               t - ring of willpower
MPRegen 0.11/turn               (no ring)

@: lethally poisoned (-5 -> -7), flying
A: horns 2, retaliatory headbutt, strong 1
a: Renounce Religion, Heroism


You were on level 7 of the Dungeon.
You worshipped Okawaru.
Okawaru was pleased with you.
You visited 2 branches of the dungeon, and saw 8 of its levels.

You collected 431 gold pieces.
You spent 33 gold pieces at shops.

Inventory:

Hand Weapons
 a - a +0 long sword (weapon)
 g - a +1 sling of freezing
Missiles
 A - 3 poisoned darts (quivered)
Armour
 b - a +0 scale mail
 c - a +0 buckler (worn)
 w - a +1 leather armour of poison resistance
 x - a +0 chain mail (worn)
 y - a scarf of resistance (worn)
Jewellery
 k - an amulet of magic regeneration
 t - a ring of willpower (left hand)
Wands
 u - a wand of iceblast (11)
Scrolls
 e - a scroll of vulnerability
 i - 3 scrolls of enchant armour {unknown}
 j - 6 scrolls of teleportation {unknown}
 m - 3 scrolls of identify
 n - a scroll of noise
 p - 3 scrolls of enchant weapon {unknown}
 q - a scroll of fear {unknown}
 v - a scroll of poison {unknown}
Potions
 d - a potion of might
 f - a potion of mutation
 h - a potion of degeneration
 o - a potion of brilliance {unknown}
 r - a potion of flight
 s - 2 potions of curing {unknown}
 z - a potion of heal wounds {unknown}


   Skills:
 * Level 6.6 Fighting
 + Level 6.6 Long Blades
 + Level 0.3 Throwing
 + Level 6.1 Armour
 + Level 1.9 Dodging
 + Level 0.5 Stealth
 + Level 4.2 Shields
 + Level 1.2 Spellcasting
 * Level 1.8 Hexes
 * Level 2.9 Invocations


You had 6 spell levels left.
You knew the following spells:

 Your Spells              Type           Power      Damage    Failure   Level
a - Confusing Touch       Hex            1%         N/A       99%         3

Your spell library contained the following spells:

 Spells                   Type           Power      Damage    Failure   Level
 Slow                     Hex            4%         N/A       86%         1
 Necrotise                Necr           0%         1d4       98%         1
 Sandblast                Erth           0%         2d4       98%         1
 Passwall                 Tmut/Erth      0%         N/A       99%         2
 Sublimation of Blood     Necr           0%         N/A       99%         2
 Dazzling Flash           Conj/Hex       2%         N/A       100%        3
 Stone Arrow              Conj/Erth      0%         3d7       100%        3
 Vampiric Draining        Necr           0%         2d6       100%        3
 Iskenderun's Mystic Bla  Conj/Tloc      0%         2d3       100%        4
 Petrify                  Tmut/Erth      0%         N/A       100%        4
 Agony                    Necr           0%         N/A       100%        5
 Irradiate                Conj/Tmut      0%         3d11      100%        5
 Starburst                Conj/Fire      0%         6d3       100%        6


Dungeon Overview and Level Annotations

Branches:
Dungeon (7/15)             Temple (1/1) D:4

Altars:
Ashenzari
Cheibriados
Dithmenos
Elyvilon
Fedhas
Gozag
Hepliaklqana
Kikubaaqudgha
Makhleb
Nemelex Xobeh
Okawaru
Ru
Sif Muna
Trog
Uskayaw
Vehumet
Xom
Yredelemnul
Zin
The Shining One

Shops:
D:1 ?


Innate Abilities, Weirdness & Mutations

You have a pair of horns on your head.
You reflexively headbutt those who attack you in melee.
Your muscles are strong. (Str +4, Int/Dex -1)


Message History

You headbutt the killer bee. The killer bee barely misses you.
The bullfrog barely misses you.
Unknown command.
You miss the killer bee.
The killer bee is moderately wounded.
You feel sick.
The killer bee stings you but does no damage.
The bullfrog hits you!
* * * LOW HITPOINT WARNING * * *
The killer bee barely misses you. You block the bullfrog's attack.
The killer bee stings you.
* * * LOW HITPOINT WARNING * * *
It was a potion of mutation.
You feel extremely strange.
You feel stronger.
* * * LOW HITPOINT WARNING * * *
You feel sick. The killer bee barely misses you.
The bullfrog barely misses you. You furiously retaliate!
You headbutt the bullfrog!
You kill the bullfrog!
Okawaru accepts your kill.
The killer bee stings you but does no damage.
It was a potion of cancellation.
Your magical effects are unravelling.
You feel magically purged.
You feel a little less mighty now.
* * * LOW HITPOINT WARNING * * *
You feel sick. The bullfrog hits you.
* * * LOW HITPOINT WARNING * * *
You block the killer bee's attack.
The bullfrog hits you but does no damage.
The killer bee closely misses you. You furiously retaliate!
You headbutt the killer bee!
It was a potion of flight.
You feel very buoyant.
You fly up into the air.
* * * LOW HITPOINT WARNING * * *
You feel sick.
The killer bee stings you but does no damage.
The bullfrog hits you.
You die...

.>...o........
..o.#K#####.####
..oKFKK#.......#
....#..5.5.# #K##
.##K##.#.#.###.K#
<...#..#.#.#oyo5#
.....#...KF..#KK##
.......!...K.##Fy##
.............###@†#
.............#
##..#
.....#.......# #..#
.............+ #.#
######.......# .#
#.......# #


You could see a kobold brigand, a bullfrog, 2 killer bees, a shadow imp, 2 orcs
and 3 kobolds.

Vanquished Creatures
  A sky beast (D:6)
  A black bear (D:6)
  2 ice beasts
  A centaur (D:5)
  4 necrophages
  A bullfrog (D:7)
  A scorpion (D:6)
  A killer bee (D:7)
  3 hounds
  An orc priest (D:5)
  2 jellies (D:6)
  An iguana (D:6)
  An orc wizard (D:3)
  8 adders
  3 gnolls (D:4)
  A white imp (D:6)
  2 worms (D:2)
  3 dart slugs
  11 orcs
  8 ball pythons
  A bat (D:1)
  10 endoplasms
  5 giant cockroaches
  4 goblins
  15 hobgoblins
  8 jackals (D:1)
  2 quokkas (D:1)
  4 frilled lizards
  4 kobolds
  5 rats
114 creatures vanquished.

Vanquished Creatures (others)
  2 plants (D:2)
2 creatures vanquished.

Grand Total: 116 creatures vanquished

Notes
Turn   | Place    | Note
-------+----------+-------------------------------------------
     0 | D:1      | Icepheonix32 the Minotaur Fighter began the quest for the
                  | Orb.
     0 | D:1      | Reached XP level 1. HP: 19/19 MP: 0/0
    24 | D:1      | Reached XP level 2. HP: 20/27 MP: 1/1
   137 | D:1      | You fall into a shaft and drop 1 floor!
   298 | D:2      | Reached XP level 3. HP: 33/33 MP: 2/2
   666 | D:2      | Found a faded altar of an unknown god.
   822 | D:2      | Reached XP level 4. HP: 35/40 MP: 3/3
  1161 | D:1      | Found Vorol's Magic Scroll Boutique.
  1166 | D:1      | Bought a scroll of identify for 22 gold pieces
  1166 | D:1      | Bought a scroll of noise for 11 gold pieces
  1564 | D:1      | Reached XP level 5. HP: 37/46 MP: 5/5
  1843 | D:3      | Found a broken altar of Ashenzari.
  2467 | D:4      | Reached skill level 5 in Long Blades
  2760 | D:4      | Found a staircase to the Ecumenical Temple.
  2790 | Temple   | Entered the Ecumenical Temple
  3001 | Temple   | Became a worshipper of Warmaster Okawaru
  3074 | D:4      | Reached skill level 1 in Dodging
  3577 | D:5      | Entered Level 5 of the Dungeon
  3600 | D:5      | Reached skill level 1 in Spellcasting
  3600 | D:5      | Reached XP level 6. HP: 49/53 MP: 6/6
  3699 | D:5      | Noticed an ice beast
  3715 | D:5      | Killed an ice beast
  3716 | D:5      | Reached skill level 5 in Armour
  3716 | D:5      | Reached skill level 1 in Invocations
  3720 | D:5      | Learned a level 3 spell: Confusing Touch
  4244 | D:5      | Identified the +2 leather armour of the Twisting Gods
                  | {Stlth+}
  4279 | D:5      | Reached * piety under Okawaru
  4459 | D:5      | Reached XP level 7. HP: 35/60 MP: 7/7
  4993 | D:6      | Reached skill level 5 in Fighting
  5052 | D:6      | Reached skill level 1 in Hexes
  5321 | D:6      | Found a bloodstained altar of Trog.
  5546 | D:6      | Reached XP level 8. HP: 33/69 MP: 7/9
  5807 | D:6      | Reached ** piety under Okawaru
  6138 | D:7      | Gained mutation: Your muscles are strong. (Str +4, Int/Dex
                  | -1) [potion of mutation]
  6139 | D:7      | HP: 3/71 [poisoned by a killer bee]
  6139 | D:7      | HP: 1/71 [bullfrog (2)]
  6140 | D:7      | Slain by a bullfrog

Illustrated notes

Levels and vault maps discovered:
D:1:      lemuel_arrival_broad_hall, layout_basic, serial_shops,
          nicolae_shop_hallway_plus, hangedman_abyss_or_decor_stabs
D:2:      layout_rooms, serial_forest, infiniplex_forest_straight_4,
          infiniplex_forest_lined_room_2, infiniplex_forest_clump_tiny,
          infiniplex_forest_clump_large, infiniplex_forest_lined_corner,
          infiniplex_forest_lined_2, shapermc_ecumenical_altar_mp_vishouse,
          minmay_tripent
D:3:      layout_loops_ring, cheibrodos_ashenzari_chains, grunt_ministairs_13,
          moated_statue
D:4:      layout_basic, minmay_temple_entry_grid
D:5:      layout_basic
D:6:      layout_loops_ring, old_standard_altar, grunt_ministairs_14,
          hangedman_abyss_or_decor_lesser_grid, kennysheep_doodads
D:7:      layout_basic, gup_ossuary_entry_pyramid
Temple:   regret_index_temple_mists

Skill      XL: |  1  2  3  4  5  6  7  8 |
---------------+-------------------------+-----
Long Blades    | 3 4 5 6 |  6.6
Armour         | 4 5 6 |  6.1
Fighting       | 4 5 6 |  6.6
Shields        | 4 |  4.2
Dodging        | 1 |  1.9
Spellcasting   | 1 |  1.2
Invocations    | 1 2 |  2.9
Hexes          | 1 |  1.8
Throwing       | |  0.3
Stealth        | |  0.5

Action                   |  1- 3 |  4- 6 |  7- 9 || total
-------------------------+-------+-------+-------++-------
Melee: Long sword        |    72 |   169 |    99 ||   340
       Headbutt          |     9 |    26 |    17 ||    52
Throw: Stone             |     5 |       |       ||     5
       Dart              |       |       |     3 ||     3
  Use: Scroll            |       |       |     2 ||     2
       Potion            |       |       |     4 ||     4
Armor: Scale mail        |    39 |    56 |       ||    95
       Chain mail        |       |    18 |    71 ||    89
Dodge: Dodged            |    55 |    90 |    62 ||   207
Block: Buckler           |    14 |    30 |    22 ||    66
